 Dungeon Crawl Stone Soup version 0.28.0-53-g5a82cb258f (webtiles) character file.

Game seed: 14646179730560337796

917 Infinimo the Cudgeller (level 7, -2/63 HPs)
             Began as a Minotaur Fighter on May 28, 2022.
             Slain by Peloso's ghost (5 damage)
             ... on level 4 of the Dungeon.
             The game lasted 00:04:16 (4592 turns).

Infinimo the Cudgeller (Minotaur Fighter)           Turns: 4592, Time: 00:04:17

Health: -2/63      AC: 10    Str: 22    XL:     7   Next: 83%
Magic:  6/6        EV:  9    Int:  5    God:
Gold:   225        SH:  5    Dex: 10    Spells: 6/6 levels left

rFire   . . .      SeeInvis .   a - +1 flail
rCold   . . .      Faith    .   c - +0 buckler
rNeg    . . .      Spirit   .   b - +0 scale mail
rPois   .          Reflect  .   (helmet restricted)
rElec   .          Harm     .   i - +0 cloak
rCorr   .          Rampage  .   q - +0 pair of gloves
Will    .....                   (no boots)
Stlth   ..........              (no amulet)
HPRegen 0.20/turn               (no ring)
MPRegen 0.10/turn               (no ring)

@: mighty
A: horns 2, retaliatory headbutt
a: no special abilities


You were on level 4 of the Dungeon.
You visited 1 branch of the dungeon, and saw 5 of its levels.

You collected 225 gold pieces.

Inventory:

Hand Weapons
 a - a +1 flail (weapon)
Armour
 b - a +0 scale mail (worn)
 c - a +0 buckler (worn)
 i - a +0 cloak (worn)
 q - a +0 pair of gloves (worn)
Jewellery
 j - a ring of resist corrosion
 w - a ring of ice
Wands
 u - a wand of acid (6)
Scrolls
 g - 2 scrolls of teleportation
 n - a scroll of fear
Potions
 d - a potion of might
 e - 2 potions of curing
 k - a potion of flight
 m - 2 potions of cancellation
 o - 2 potions of ambrosia
 p - a potion of brilliance {unknown}
 v - a potion of attraction {unknown}


   Skills:
 + Level 6.0 Fighting
 * Level 7.2 Maces & Flails
 + Level 5.9 Armour
 + Level 6.0 Shields


You had 6 spell levels left.
You didn't know any spells.
Your spell library contained the following spells:

 Spells                   Type           Power      Damage    Failure   Level
 Animate Skeleton         Necr           0%         N/A       86%         1
 Sting                    Tmut/Pois      0%         1d3       86%         1


Dungeon Overview and Level Annotations

Branches:
Dungeon (5/15)
 Temple: D:4-7

Altars:
Gozag
Kikubaaqudgha
Qazlal
Sif Muna
Vehumet

Annotations:
D:4 Peloso's ghost, novice MiFi


Innate Abilities, Weirdness & Mutations

You have a pair of horns on your head.
You reflexively headbutt those who attack you in melee.


Message History

The centaur shoots an arrow.
You block the arrow.
The centaur shoots an arrow.
The arrow barely misses you.
The centaur shoots an arrow.
The arrow hits you!
The centaur shoots an arrow.
The arrow hits you!
The centaur shoots an arrow.
The arrow hits you but does no damage.
The vampire gestures wildly while chanting.
The vampire flickers and vanishes!
Deactivating autopickup; reactivate with Ctrl-A.
There is a stone staircase leading up here.
Peloso's ghost completely misses you.
You climb upwards.
Reactivating autopickup.
There is a stone staircase leading down here.
You hit Peloso's ghost but do no damage.
Your headbutt misses Peloso's ghost. Peloso's ghost hits you.
You are too injured to fight recklessly!
You are too injured to fight recklessly!
You feel very mighty all of a sudden. Peloso's ghost hits you.
You hit Peloso's ghost but do no damage.
You headbutt Peloso's ghost, but do no damage.
Peloso's ghost hits you!
* * * LOW HITPOINT WARNING * * *
You barely miss Peloso's ghost. You headbutt Peloso's ghost!
Peloso's ghost is lightly damaged.
Peloso's ghost hits you!
* * * LOW HITPOINT WARNING * * *
Okay, then.
You bludgeon Peloso's ghost!! You headbutt Peloso's ghost!
Peloso's ghost is heavily damaged.
Peloso's ghost hits you.
* * * LOW HITPOINT WARNING * * *
You closely miss Peloso's ghost.
Peloso's ghost is heavily damaged.
Peloso's ghost hits you but does no damage.
You barely miss Peloso's ghost.
Peloso's ghost is heavily damaged.
Peloso's ghost screams, "You will never get the ORB!"
Peloso's ghost hits you.
You die...

..#######.# ####.#...#### #. ###
#.# #...### #. #.#### #...# #.
#.##.## #...# ##. ####.#.#.##
#...# #####.. ######.......#.#
#...###......
.....#.####...#######........##..
.....#.####..#..W................
.....))...#.....@.....[..........
.....#.##.#..#...................
.....#.......######.#........#...
#########.#..# #.#...#.#......
#.#..# #.#...#.##.##.. ####
#.#..# #.#...#.##..... ...#
#.#..# #.#...#.####### ...#
#.#..# #........# ##.######....#
###...##.######


You could see Peloso's ghost.

Vanquished Creatures
  An ice beast (D:5)
  An ogre (D:4)
  A wyvern skeleton (D:5)
  A water moccasin zombie (D:5)
  2 water moccasin skeletons (D:5)
  A hound (D:4)
  A centaur zombie (D:5)
  A bullfrog skeleton (D:4)
  Natasha (thrice) (D:4)
  2 iguanas (D:5)
  6 orc wizards (D:5)
  8 adders
  An ufetubus (D:4)
  2 worms
  A dart slug (D:2)
  9 orcs
  2 bats
  10 endoplasms
  3 giant cockroaches
  3 goblins (D:2)
  8 hobgoblins
  7 jackals (D:2)
  5 quokkas
  6 ball pythons
  3 frilled lizards
  4 kobolds
  6 rats
98 creatures vanquished.

Vanquished Creatures (others)
  An orc wizard (D:5)
1 creature vanquished.

Grand Total: 99 creatures vanquished

Notes
Turn   | Place    | Note
-------+----------+-------------------------------------------
     0 | D:1      | Infinimo the Minotaur Fighter began the quest for the Orb.
     0 | D:1      | Reached XP level 1. HP: 19/19 MP: 0/0
   171 | D:1      | Reached XP level 2. HP: 6/27 MP: 1/1
   496 | D:1      | Reached skill level 3 in Maces & Flails
   588 | D:1      | Found a faded altar of an unknown god.
   597 | D:1      | Got Plato's Volume of Envenoming
  1014 | D:2      | Reached XP level 3. HP: 32/33 MP: 2/2
  1415 | D:2      | Reached XP level 4. HP: 34/40 MP: 3/3
  2071 | D:3      | Reached skill level 4 in Maces & Flails
  2442 | D:3      | Found a stormy altar of Qazlal.
  2661 | D:4      | Noticed Natasha
  2668 | D:4      | Killed Natasha
  2669 | D:4      | Reached XP level 5. HP: 41/47 MP: 4/4
  2742 | D:4      | Noticed Natasha
  2746 | D:4      | Killed Natasha
  2850 | D:4      | Noticed an ogre
  2877 | D:4      | Killed an ogre
  2878 | D:4      | Reached skill level 5 in Maces & Flails
  2939 | D:4      | Noticed Natasha
  2943 | D:4      | Killed Natasha
  2944 | D:4      | Reached XP level 6. HP: 55/55 MP: 5/5
  3113 | D:4      | Reached skill level 5 in Fighting
  3113 | D:4      | Reached skill level 5 in Shields
  3313 | D:4      | Reached skill level 5 in Armour
  3442 | D:5      | Entered Level 5 of the Dungeon
  3465 | D:5      | Found a runed translucent gate.
  3489 | D:5      | Noticed an ice beast
  3500 | D:5      | Killed an ice beast
  3501 | D:5      | Reached skill level 6 in Maces & Flails
  3501 | D:5      | Reached XP level 7. HP: 61/61 MP: 6/6
  3797 | D:5      | Found an opulent altar of Gozag.
  3798 | D:5      | Found a runed translucent gate.
  3798 | D:5      | Found a runed translucent gate.
  3799 | D:5      | Noticed Peloso's ghost (novice MiFi)
  3799 | D:5      | Noticed a vampire
  4090 | D:5      | Found an ancient bone altar of Kikubaaqudgha.
  4107 | D:5      | Reached skill level 7 in Maces & Flails
  4136 | D:5      | Got Kikubaaqudgha's Grimoire of Darkness
  4277 | D:5      | Found a radiant altar of Vehumet.
  4323 | D:5      | Found a shimmering blue altar of Sif Muna.
  4590 | D:4      | HP: 3/63 [Peloso's ghost (3)]
  4592 | D:4      | Slain by Peloso's ghost

Illustrated notes

Levels and vault maps discovered:
D:1:      tarquinn_simple_flora_water_a, layout_loops_cross,
          shapermc_ecumenical_altar_rom_forum
D:2:      layout_loops_corners, kennysheep_generic_room_13
D:3:      minmay_skewed_foursquare, layout_rooms, mainiacjoe_overflow_catwalk
D:4:      layout_loops_cross, kennysheep_another_room, uniq_natasha
D:5:      layout_cave_pools, palyth_temple_overflow_mages, ebering_ghost_gozag,
          amcnicky_mini_corridor_feature

Skill      XL: |  1  2  3  4  5  6  7 |
---------------+----------------------+-----
Maces & Flails | 3 4 5 6 7 |  7.2
Fighting       | 4 5 6 |  6.0
Armour         | 4 5 |  5.9
Shields        | 4 5 6 |  6.0

Action                   |  1- 3 |  4- 6 |  7- 9 || total
-------------------------+-------+-------+-------++-------
Melee: Flail             |    75 |   143 |    80 ||   298
       Headbutt          |     8 |    19 |    15 ||    42
  Use: Scroll            |       |       |    11 ||    11
       Potion            |       |       |     1 ||     1
Armor: Scale mail        |    28 |    64 |    44 ||   136
Dodge: Dodged            |    38 |    70 |    16 ||   124
Block: Buckler           |    20 |    41 |    13 ||    74
